 Dungeon Crawl Stone Soup version 0.27-a0-906-g0a00ce8 (webtiles) character file.

Game seed: 63266777114706671

84 Nithhogg the Skirmisher (level 4, 0/37 HPs)
             Began as a Demonspawn Fighter on Apr 7, 2021.
             Slain by an orc priest
             ... wielding a +0 mace
              (2 damage)
             ... on level 3 of the Dungeon.
             The game lasted 00:02:53 (2618 turns).

Nithhogg the Skirmisher (Demonspawn Fighter)        Turns: 2618, Time: 00:02:54

Health: 0/37       AC:  6    Str: 17    XL:     4   Next: 24%
Magic:  4/4        EV:  7    Int: 10    God:
Gold:   103        SH:  9    Dex: 12    Spells: 3/3 levels left

rFire    . . .     SeeInvis .   a - +0 long sword
rCold    . . .     Faith    .   c - +0 kite shield
rNeg     . . .     Spirit   .   b - +0 scale mail
rPois    .         Reflect  .   (no helmet)
rElec    .         Harm     .   (no cloak)
rCorr    .         Rampage  .   (no gloves)
Will     .....                  (no boots)
Stlth    ..........             (no amulet)
HPRegen  0.12/turn              (no ring)
MPRegen  0.09/turn              (no ring)

@: no status effects
A: talons 1, demonic guardian 1
a: no special abilities


You were on level 3 of the Dungeon.
You visited 1 branch of the dungeon, and saw 3 of its levels.

You collected 103 gold pieces.

Inventory:

Hand Weapons
 a - a +0 long sword (weapon)
Missiles
 h - 2 curare-tipped darts (quivered)
Armour
 b - a +0 scale mail (worn)
 c - a +0 kite shield (worn)
Jewellery
 n - a +4 ring of slaying
 o - a +6 ring of intelligence
Scrolls
 f - 2 scrolls of noise
Potions
 d - 2 potions of might
 e - a potion of invisibility {unknown}
 g - a potion of heal wounds {unknown}
 p - 2 potions of curing


   Skills:
 * Level 3.6 Fighting
 * Level 2.7 Long Blades
 + Level 3.0 Armour
 + Level 1.0 Dodging
 + Level 3.1 Shields


You had 3 spell levels left.
You didn't know any spells.
Your spell library contained the following spells:

 Spells                   Type           Power      Damage    Failure   Level
 Magic Dart               Conj           0%         1d3       99%         1
 Blink                    Tloc           N/A        N/A       100%        2
 Call Imp                 Summ           0%         N/A       100%        2
 Slow                     Hex            0%         N/A       100%        2
 Conjure Flame            Conj/Fire      0%         6-21      100%        3
 Mephitic Cloud           Conj/Pois/Air  0%         N/A       100%        3


Dungeon Overview and Level Annotations

Branches:
Dungeon (3/15)

Altars:
Vehumet
Xom

Shops:
D:3 [


Innate Abilities, Weirdness & Mutations

You have sharp toenails.
A weak demonic guardian rushes to your aid.


Message History

You closely miss the orc.
You feel sick.
You are no longer poisoned.
The orc hits you but does no damage. The orc hits you with a +0 whip.
You slash the orc!
You kill the orc!
You block the orc's attack.
You hit the orc. Your kick misses the orc.
The orc is heavily wounded.
The orc priest begins to cast a cantrip, but forgets the words!
The orc hits you with a +0 war axe!
A demonic guardian appears!
You hit the orc. You claw the orc, but do no damage.
The orc is heavily wounded.
The orc hits you with a +0 war axe. x2
You are too injured to fight recklessly!
You are too injured to fight recklessly!
You are too injured to fight recklessly!
You are too injured to fight recklessly!
You are too injured to fight recklessly!
You are too injured to fight recklessly!
You are too injured to fight recklessly!
You are too injured to fight recklessly!
You are too injured to fight recklessly!
You are too injured to fight recklessly!
You are too injured to fight recklessly!
You are too injured to fight recklessly!
You are too injured to fight recklessly!
You are too injured to fight recklessly!
You barely miss the orc. Your kick misses the orc.
The orc is heavily wounded.
You block the orc's attack.
The orc priest casts a cantrip, but nothing happens.
You slash the orc!
You kill the orc!
You hit the orc priest. You claw the orc priest.
The orc priest is heavily wounded.
The orc priest calls down the wrath of Beogh upon you.
Pain shoots through your body!
* * * LOW HITPOINT WARNING * * *
The orc priest hits you with a +0 mace.
You die...

####### #...... #......
##################......
......o@5...............
########...........†....
#.######.#.......
..>...^.._÷.÷.....
##########.#..####.
#.#..## #. #.....# #.
###.#.###. #.#..#..


You could see an orc priest (ally target) and a friendly quasit (summoned).

Vanquished Creatures
  2 adders (D:3)
  A worm (D:2)
  A dart slug (D:1)
  5 orcs (D:3)
  6 ball pythons
  6 bats
  6 endoplasms
  2 giant cockroaches
  6 goblins
  3 hobgoblins
  3 kobolds
  2 quokkas (D:1)
  4 frilled lizards
  6 rats
53 creatures vanquished.

Notes
Turn   | Place    | Note
-------+----------+-------------------------------------------
     0 | D:1      | Nithhogg the Demonspawn Fighter began the quest for the
                  | Orb.
     0 | D:1      | Reached XP level 1. HP: 18/18 MP: 1/1
   231 | D:1      | Gained mutation: You have sharp toenails. [demonic
                  | ancestry]
   231 | D:1      | Reached XP level 2. HP: 19/24 MP: 2/2
  1156 | D:2      | Reached XP level 3. HP: 29/29 MP: 3/3
  1912 | D:3      | Found Wufog's Armour Shop.
  1952 | D:3      | Found a shimmering altar of Xom.
  2058 | D:3      | Found a faded altar of an unknown god.
  2318 | D:3      | Found a radiant altar of Vehumet.
  2333 | D:3      | Gained mutation: A weak demonic guardian rushes to your
                  | aid. [demonic ancestry]
  2333 | D:3      | Reached XP level 4. HP: 11/36 MP: 4/4
  2611 | D:3      | Reached skill level 1 in Dodging
  2618 | D:3      | Slain by an orc priest

Illustrated notes

Levels and vault maps discovered:
D:1:      dpeg_arrival_triangle_fractal, layout_loops_ring
D:2:      layout_basic, roderic_lattice_a, minmay_misc_feat_ornament
D:3:      layout_basic, xom_teletrap_fun, lemuel_crystal_altar,
          chequers_ecumenical_altar_simple_redux, serial_shops, shop,
          minmay_misc_feat_tiny

Skill      XL: |  1  2  3  4 |
---------------+-------------+-----
Long Blades    | 2 |  2.7
Shields        | 3 |  3.1
Armour         | 3 |  3.0
Dodging        | 1 |  1.0
Fighting       | |  3.6

Action                   |  1- 3 |  4- 6 || total
-------------------------+-------+-------++-------
Melee: Long sword        |   134 |    21 ||   155
       Kick              |    25 |     6 ||    31
  Use: Scroll            |     6 |       ||     6
Armor: Scale mail        |    63 |    11 ||    74
Dodge: Dodged            |    42 |    11 ||    53
Block: Kite shield       |    72 |    13 ||    85
       Rpst.: Long sword |    12 |     3 ||    15

Table legend: (Time is in decaauts)
 A = Elapsed time spent in this place.
 B = Non-inter-level travel time spent in this place.
 C = Inter-level travel time spent in this place.
 D = Time resting spent in this place.
 E = Time spent auto-exploring this place.
 F = Levels seen in this place.
 G = Mean time per level.
                   A        B        C        D        E       F      G
               +--------+--------+--------+--------+--------+-----+--------+
         Total |   2698 |   2624 |     74 |    207 |   2021 |   3 |  899.3 |
       Dungeon |   2698 |   2624 |     74 |    207 |   2021 |   3 |  899.3 |
               +--------+--------+--------+--------+--------+-----+--------+

Top non-repeatable levels by time:
     D:1: 1022 daAuts
     D:2: 902 daAuts
     D:3: 773 daAuts
